 Dungeon Crawl Stone Soup version 0.29-a0-284-gf9362112df (webtiles) character file.

Game seed: 2909379774269615087

189 rabbitsville the Chopper (level 5, -4/50 HPs)
             Began as a Deep Dwarf Fighter on Mar 19, 2022.
             Killed by divine providence
             ... invoked by an orc priest
              (8 damage)
             ... on level 3 of the Dungeon on Mar 20, 2022.
             The game lasted 00:11:23 (2318 turns).

rabbitsville the Chopper (Deep Dwarf Fighter)       Turns: 2318, Time: 00:11:23

Health: -4/50      AC:  8    Str: 21    XL:     5   Next: 40%
Magic:  5/5        EV:  9    Int:  9    God:
Gold:   129        SH:  5    Dex: 18    Spells: 4/4 levels left

rFire   . . .      SeeInvis .   a - +0 war axe
rCold   . . .      Faith    .   c - +0 buckler
rNeg    . . .      Spirit   .   b - +0 scale mail
rPois   .          Reflect  .   (no helmet)
rElec   .          Harm     .   (no cloak)
rCorr   .          Rampage  .   (no gloves)
Will    .....                   e - +0 pair of boots
Stlth   ..........              (no amulet)
HPRegen 0.00/turn               n - +6 ring of dexterity
MPRegen 0.09/turn               (no ring)

@: no status effects
A: damage resistance, heal wounds, sense surroundings 1, no regeneration
a: Heal Wounds


You were on level 3 of the Dungeon.
You visited 1 branch of the dungeon, and saw 3 of its levels.

You collected 129 gold pieces.

Inventory:

Hand Weapons
 a - a +0 war axe (weapon)
Missiles
 i - 4 poisoned darts (quivered)
 j - 4 javelins
Armour
 b - a +0 scale mail (worn)
 c - a +0 buckler (worn)
 e - a +0 pair of boots (worn)
Jewellery
 n - a +6 ring of dexterity (left hand)
Wands
 p - a wand of polymorph (7)
Scrolls
 f - 4 scrolls of identify {unknown}
 g - a scroll of immolation {unknown}
 h - a scroll of amnesia {unknown}
 l - a scroll of enchant armour {unknown}
 m - a scroll of summoning {unknown}
 q - a scroll of blinking {unknown}
 r - a scroll of enchant weapon {unknown}
Potions
 d - a potion of might
 k - 2 potions of curing {unknown}
 o - 2 potions of heal wounds {unknown}


   Skills:
 + Level 3.8 Fighting
 * Level 5.3 Axes
 - Level 3.2 Armour
 - Level 3.2 Shields


You had 4 spell levels left.
You didn't know any spells.
Your spell library contained the following spells:

 Spells                   Type           Power      Damage    Failure   Level
 Animate Skeleton         Necr           0%         N/A       82%         1
 Apportation              Tloc           0%         N/A       82%         1
 Summon Small Mammal      Summ           0%         N/A       82%         1


Dungeon Overview and Level Annotations

Branches:
Dungeon (3/15)

Altars:
Fedhas


Innate Abilities, Weirdness & Mutations

You are resistant to damage.
You can heal yourself by infusing magical energy.
You passively map a small area around you.
You do not regenerate.


Message History

You block the orc priest's attack.
The quokka bites you but does no damage.
The adder misses you.
You closely miss the orc priest.
The orc priest is lightly wounded.
You miss the adder. You barely miss the quokka.
The orc priest closely misses you. The adder barely misses you.
The quokka closely misses you.
The orc priest hits you with a +0 morningstar!
* * * LOW HITPOINT WARNING * * *
A gnoll comes into view. It is wielding a +4 whip of venom.
You slash the orc priest!
The orc priest is heavily wounded.
You closely miss the adder. You closely miss the quokka.
The adder bites you but does no damage.
The quokka bites you but does no damage.
The adder bites you.
The quokka bites you but does no damage.
You block the orc priest's attack.
You hit the orc priest but do no damage.
The orc priest is heavily wounded.
You slash the adder! You miss the quokka. You block the adder's attack.
The quokka closely misses you.
The orc priest hits you with a +0 morningstar.
The adder bites you but does no damage.
You closely miss the orc priest.
The orc priest is heavily wounded.
You slash the quokka!
You kill the quokka!
You barely miss the adder. You block the adder's attack.
The orc priest hits you but does no damage.
You hit the orc priest.
The orc priest is severely wounded.
You closely miss the adder. You block the adder's attack.
The orc priest hits you with a +0 morningstar!
* * * LOW HITPOINT WARNING * * *
The adder bites you but does no damage.
The orc priest mumbles some strange prayers to Beogh against you.
Beogh smites you!
You die...

* ..### * , , ,,.... ,
,...., , * #..# , * ,#..#
., * #.#.###..###..#
.##....gSo....... ...
###@.# #, * * ..,#....#.#
,# , #.###..#.#..##
#.).)......... *** *
#.###..#.#..#. , , #.
,#..#.#..# *
#.###..###..## * *
####............, ,###
...#.#..#.......###.....,
..#


You could see an orc priest, a gnoll and an adder.

Vanquished Creatures
  Terence (D:2)
  2 gnolls (D:3)
  5 adders
  5 dart slugs
  10 orcs (D:3)
  4 bats
  5 endoplasms
  8 giant cockroaches
  7 goblins
  6 hobgoblins
  6 kobolds
  5 quokkas
  7 ball pythons
  4 frilled lizards (D:1)
  4 rats
79 creatures vanquished.

Notes
Turn   | Place    | Note
-------+----------+-------------------------------------------
     0 | D:1      | rabbitsville the Deep Dwarf Fighter began the quest for the
                  | Orb.
     0 | D:1      | Reached XP level 1. HP: 20/20 MP: 1/1
   138 | D:1      | Reached XP level 2. HP: 27/27 MP: 2/2
   177 | D:1      | Reached skill level 3 in Axes
   795 | D:1      | Reached XP level 3. HP: 25/34 MP: 3/3
  1152 | D:2      | Found a faded altar of an unknown god.
  1217 | D:2      | Noticed Terence
  1234 | D:2      | Killed Terence
  1235 | D:2      | Reached skill level 4 in Axes
  1348 | D:2      | Reached XP level 4. HP: 15/42 MP: 4/4
  1944 | D:3      | Found a blossoming altar of Fedhas.
  2061 | D:3      | Reached XP level 5. HP: 36/50 MP: 5/5
  2152 | D:3      | Reached skill level 5 in Axes
  2298 | D:3      | HP: 2/50 [something (3)]
  2318 | D:3      | Killed from afar by an orc priest

Illustrated notes

Levels and vault maps discovered:
D:1:      nicolae_arrival_somewhat_less_tricky_arrival, layout_basic,
          minmay_tetromino_t4
D:2:      layout_basic, dreamdust_ecumenical_altar_statues, uniq_terence
D:3:      layout_loops_ring, fedhas_altar_2, minmay_misc_feat_nine_boxes

Skill      XL: |  1  2  3  4  5 |
---------------+----------------+-----
Axes           | 3 4 5 |  5.3
Fighting       | 3 |  3.8
Armour         | |  3.2
Shields        | |  3.2

Action                   |  1- 3 |  4- 6 || total
-------------------------+-------+-------++-------
Melee: War axe           |   107 |   125 ||   232
Throw: Dart              |     4 |       ||     4
 Abil: Heal Wounds       |       |     2 ||     2
Armor: Scale mail        |    44 |    67 ||   111
Dodge: Dodged            |    53 |    46 ||    99
Block: Buckler           |    28 |    35 ||    63

Table legend: (Time is in decaauts)
 A = Elapsed time spent in this place.
 B = Non-inter-level travel time spent in this place.
 C = Inter-level travel time spent in this place.
 D = Time resting spent in this place.
 E = Time spent auto-exploring this place.
 F = Levels seen in this place.
 G = Mean time per level.
                   A        B        C        D        E       F      G
               +--------+--------+--------+--------+--------+-----+--------+
         Total |   2398 |   2283 |    115 |      4 |   1005 |   3 |  799.3 |
       Dungeon |   2398 |   2283 |    115 |      4 |   1005 |   3 |  799.3 |
               +--------+--------+--------+--------+--------+-----+--------+

Top non-repeatable levels by time:
     D:1: 1033 daAuts
     D:2: 948 daAuts
     D:3: 415 daAuts
